 Dungeon Crawl Stone Soup version 0.31-a0-940-gdaa99269f9 (webtiles) character file.

Game seed: 10771320128791197405

94 Dittersdorf the Shield-Bearer (level 4, -6/29 HPs)
             Began as a Gargoyle Fighter on Oct 20, 2023.
             Mangled by a gnoll
             ... wielding a +2 flail of draining
              (11 damage)
             ... on level 3 of the Dungeon.
             The game lasted 00:02:27 (1213 turns).

Dittersdorf the Shield-Bearer (Gargoyle Fighter)    Turns: 1213, Time: 00:02:27

Health: -6/29      AC: 13    Str: 21    XL:     4   Next: 63%
Magic:  4/4        EV:  9    Int: 15    God:
Gold:   85         SH:  4    Dex:  9    Spells: 3/3 levels left

rFire   . . .        a - +0 flail
rCold   . . .        c - +0 buckler
rNeg    + . .        b - +0 scale mail
rPois   ∞            (no helmet)
rElec   +            (no cloak)
rCorr   .            q - +0 pair of gloves
SInv    .            h - +0 pair of boots
Will    +....        (no amulet) Stlth
                     g - ring of willpower
HPRegen 0.24/turn    s - +6 ring of intelligence
MPRegen 0.09/turn

%: no passive effects
@: no status effects
A: sickness immunity, AC +3, negative energy resistance 1, electricity
resistance, torment resistance 1, petrification resistance
a: no special abilities


You were on level 3 of the Dungeon.
You visited 1 branch of the dungeon, and saw 4 of its levels.

You collected 85 gold pieces.

Inventory:

Hand Weapons
 a - a +0 flail (weapon)
Missiles
 j - 5 poisoned darts (quivered)
Armour
 b - a +0 scale mail (worn)
 c - a +0 buckler (worn)
 h - a +0 pair of boots (worn)
 q - a +0 pair of gloves (worn)
Jewellery
 g - a ring of willpower (left hand)
 s - a +6 ring of intelligence (right hand)
Scrolls
 f - a scroll of fear {unknown}
 i - a scroll of blinking {unknown}
 k - 2 scrolls of identify {unknown}
 l - 2 scrolls of torment {unknown}
 m - a scroll of silence {unknown}
 n - a scroll of amnesia {unknown}
 p - a scroll of poison {unknown}
Potions
 d - a potion of might
 e - a potion of attraction {unknown}
 o - a potion of lignification {unknown}
 r - a potion of curing {unknown}
 t - a potion of cancellation {unknown}
 u - a potion of degeneration {unknown}


   Skills:
 + Level 4.0 Fighting
 + Level 2.9 Maces & Flails
 + Level 4.0 Armour
 + Level 4.1 Shields


You had 3 spell levels left.
You didn't know any spells.
Your spell library contained the following spells:

 Spells                   Type           Power      Damage    Failure   Level
 Slow                     Hex            0%         N/A       65%         1
 Confusing Touch          Hex            0%         N/A       95%         3
 Frozen Ramparts          Ice            0%         1d1       95%         3
 Sigil of Binding         Hex            0%         N/A       95%         3
 Vampiric Draining        Necr           0%         2d6       95%         3
 Petrify                  Tmut/Erth      0%         N/A       100%        4
 Metabolic Englaciation   Hex/Ice        0%         N/A       100%        5


Dungeon Overview and Level Annotations

Branches:
Dungeon (4/15)
 Temple: D:4-7

Altars:

Shops:
D:2 [


Innate Abilities, Weirdness & Mutations

You are immune to sickness and miasma.
Your stone body is resilient. (AC +3)
You are immune to poison.
You resist negative energy. (rN+)
You are resistant to electric shocks. (rElec)
You are resistant to unholy torment.
You are immune to petrification.


Message History

An adder comes into view.
The adder hisses angrily.
The adder moves out of view.
Found a murky brown potion.
You hit the adder but do no damage. You block the adder's attack.
The adder closely misses you.
You thump the adder!
The adder is severely wounded.
The adder barely misses you.
The hobgoblin hits you but does no damage.
The gnoll hits you from afar with a +0 halberd.
The adder closely misses you.
You sock the adder!
You kill the adder!
The hobgoblin hits you but does no damage.
The gnoll hits you from afar with a +0 halberd.
The hobgoblin closely misses you.
Your Fighting skill increases to level 4!
The hobgoblin attacks as it pursues you!
The hobgoblin barely misses you.
You see here an adder corpse.
You sock the hobgoblin!
You kill the hobgoblin!
The gnoll completely misses you.
You see here a hobgoblin corpse.
You hit the gnoll.
The gnoll is moderately wounded.
The gnoll hits you but does no damage.
You sock the gnoll!
You kill the gnoll!
Your Armour skill increases to level 4!
You hit the gnoll.
The gnoll is lightly wounded.
You block the gnoll's attack.
The gnoll hits you with a +2 flail of draining!
* * * LOW HITPOINT WARNING * * *
You closely miss the gnoll.
The gnoll is lightly wounded.
The gnoll hits you with a +2 flail of draining!
You die...

### ### #... ..#
##.#.##.#
#.......##
#........# ######
#<..#....# ..!..#
...!.....g###.....#
...#.#^..gg@†.....#
#......###.....#
####.### .....# #.#
....... #.# #####..
#. #


You could see 3 gnolls.

Vanquished Creatures
  An adder (D:3)
  2 gnolls
  A worm (D:2)
  3 dart slugs
  An orc (D:2)
  7 endoplasms
  3 giant cockroaches
  7 goblins
  4 hobgoblins
  5 kobolds
  2 quokkas
  5 ball pythons (D:1)
  3 bats (D:1)
  2 frilled lizards
  5 rats
51 creatures vanquished.

Notes
Turn   | Place    | Note
-------+----------+-------------------------------------------
     0 | D:1      | Dittersdorf the Gargoyle Fighter began the quest for the
                  | Orb.
     0 | D:1      | Reached XP level 1. HP: 14/14 MP: 1/1
   142 | D:1      | Reached XP level 2. HP: 19/19 MP: 2/2
   352 | D:1      | Reached XP level 3. HP: 22/24 MP: 3/3
   856 | D:2      | Reached XP level 4. HP: 29/29 MP: 4/4
   861 | D:2      | Found Rurreoni's Antique Armour Boutique.
  1193 | D:2      | You fall into a shaft and drop 2 floors!
  1213 | D:3      | Mangled by a gnoll

Illustrated notes

Levels and vault maps discovered:
D:1:      dpeg_arrival_three_same_balls, layout_basic
D:2:      layout_rooms, serial_shops, shop
D:3:      layout_loops_cross, mainiacjoe_overflow_alcove_4, uniq_terence
D:4:      layout_basic, serial_corexii_hall, corexii_hall_statues_i,
          chequers_hall_statues_wall_a, uniq_duvessa, uniq_blork_the_orc,
          uniq_sigmund

Skill      XL: |  1  2  3  4 |
---------------+-------------+-----
Shields        | 4 |  4.1
Fighting       | 4 |  4.0
Armour         | 4 |  4.0
Maces & Flails | |  2.9

Action                     |  1- 3 |  4- 6 || total
---------------------------+-------+-------++-------
  Melee: Flail             |   128 |    35 ||   163
 Armour: Scale mail        |   112 |    24 ||   136
  Dodge: Dodged            |    77 |    15 ||    92
  Block: Buckler           |    31 |     6 ||    37

Table legend: (Time is in decaauts)
 A = Elapsed time spent in this place.
 B = Non-inter-level travel time spent in this place.
 C = Inter-level travel time spent in this place.
 D = Time resting spent in this place.
 E = Time spent auto-exploring this place.
 F = Levels seen in this place.
 G = Mean time per level.
                   A        B        C        D        E       F      G
               +--------+--------+--------+--------+--------+-----+--------+
         Total |   1262 |   1241 |     21 |      7 |    855 |   4 |  315.5 |
       Dungeon |   1262 |   1241 |     21 |      7 |    855 |   4 |  315.5 |
               +--------+--------+--------+--------+--------+-----+--------+

Top non-repeatable levels by time:
     D:1: 881 daAuts
     D:2: 359 daAuts
     D:3: 15 daAuts
     D:4: 5 daAuts
